AoeStats
← xlalox corona

Arabian Desert

509816096Analyzed
1v1 RM · 3d ago on Sep 28, 2026· 65m 42s· 2 players
Game mode
Random Map
Map size
Tiny (2 player)
Population
200
Speed
Normal
Resources
Standard
Victory
Conquest
Starting age
Dark Age
Ending age
Imperial Age
RankedLock teamsTeams togetherTeam positionsShared explorationLock speedFull tech treeHidden civsTurbo modeCheats
Victory
Defeat
🇲🇽 Bulgarians · Mexico
1679
+21
🇺🇸 Georgians · United States
1786
-21
xlalox corona
4:54 Loom
10:17 Feudal Age
29:10 Double-Bit Axe
31:23 Town Watch
42:22 Castle Age
44:19 Fletching
48:15 Scale Barding Armor
52:08 Horse Collar
52:39 Bow Saw
53:58 Bloodlines
54:13 Chain Barding Armor
54:24 Husbandry
56:59 Forging
59:33 Iron Casting
61:48 Imperial Age
60:18 Bodkin Arrow
63:07 Plate Barding Armor
61:57 Cavalier
DS_SayGG
3:37 Loom
29:04 Feudal Age
33:54 Castle Age
33:32 Fletching
47:00 Double-Bit Axe
49:19 Bow Saw
50:08 Bodkin Arrow
50:44 Gold Mining
52:43 Wheelbarrow
57:50 Padded Archer Armor
59:13 Town Watch
60:59 Forging
60:57 Scale Barding Armor
64:06 Chain Barding Armor
Connection lost

Rejoining the realm…

Still unreachable

The connection could not be restored.

Session expired

The server has moved on; the page needs a fresh start.